 Dungeon Crawl Stone Soup version 0.31-a0-355-g57cb03d3e8 (webtiles) character file.

Game seed: 4743148012051414632

33 cforsyth the Charlatan (level 3, 0/28 HPs)
             Began as a Gnoll Artificer on July 24, 2023.
             Slain by a quokka (2 damage)
             ... on level 1 of the Dungeon.
             The game lasted 00:00:38 (624 turns).

cforsyth the Charlatan (Gnoll Artificer)             Turns: 624, Time: 00:00:38

Health: 0/28       AC:  3    Str: 11    XL:     3   Next: 29%
Magic:  4/4        EV: 12    Int: 12    God:
Gold:   46         SH:  0    Dex: 12    Spells: 3/3 levels left

rFire   . . .        a - +0 club
rCold   . . .        (no shield)
rNeg    . . .        b - +0 leather armour
rPois   .            (no helmet)
rElec   .            (no cloak)
rCorr   .            (no gloves)
SInv    .            (no boots)
Will    .....        (no amulet)
Stlth   ++           (no ring)
HPRegen 0.24/turn    (no ring)
MPRegen 0.09/turn

%: no passive effects
@: no status effects
A: fangs 1, strong nose, distributed training
a: no special abilities


You were on level 1 of the Dungeon.
You visited 1 branch of the dungeon, and saw 1 of its levels.

You collected 46 gold pieces.

Inventory:

Hand Weapons
 a - a +0 club (weapon)
Armour
 b - a +0 leather armour (worn)
Wands
 c - a wand of flame (15) (quivered)
 d - a wand of charming (15)
 e - a wand of iceblast (5)
Scrolls
 f - a scroll of torment {unknown}
 g - a scroll of brand weapon {unknown}
 j - a scroll of identify {unknown}
 k - a scroll of fear {unknown}
Potions
 h - a potion of curing {unknown}
 i - a potion of heal wounds {unknown}


   Skills:
 + Level 2.6 Fighting
 + Level 0.7 Short Blades
 + Level 0.7 Long Blades
 + Level 0.7 Axes
 + Level 0.7 Maces & Flails
 + Level 0.7 Polearms
 + Level 0.7 Staves
 + Level 0.7 Ranged Weapons
 + Level 0.7 Throwing
 + Level 4.5 Armour
 + Level 2.6 Dodging
 + Level 2.3 Stealth
 + Level 0.7 Shields
 + Level 0.7 Unarmed Combat
 + Level 0.7 Spellcasting
 + Level 0.5 Conjurations
 + Level 0.5 Hexes
 + Level 0.5 Summonings
 + Level 0.5 Necromancy
 + Level 0.5 Translocations
 + Level 0.5 Transmutations
 + Level 0.5 Fire Magic
 + Level 0.5 Ice Magic
 + Level 0.5 Air Magic
 + Level 0.5 Earth Magic
 + Level 0.5 Poison Magic
 + Level 0.9 Invocations
 + Level 6.5 Evocations
 + Level 0.5 Shapeshifting


You had 3 spell levels left.
You didn't know any spells.
Your spell library contained the following spells:

 Spells                   Type           Power      Damage    Failure   Level
 Magic Dart               Conj           4%         1d3       32%         1
 Searing Ray              Conj           2%         2d4       43%         2
 Fulminant Prism          Conj/Hex       0%         3d5       97%         4


Dungeon Overview and Level Annotations

Branches:
Dungeon (1/15)

Altars:


Innate Abilities, Weirdness & Mutations

You have very sharp teeth.
Your uncanny sense of smell can sniff out nearby items.
Your experience applies equally to all skills.


Message History

You barely miss the goblin. The kobold hits you with a +0 club.
The goblin misses you.
You barely miss the goblin. The kobold closely misses you.
The goblin hits you with a +0 club. The quokka bites you.
The goblin hits you with a +0 club. The kobold closely misses you.
You closely miss the quokka. The quokka misses you. The kobold misses you.
The goblin barely misses you.
You hit the quokka. Your bite misses the quokka.
The quokka is moderately wounded.
The quokka closely misses you. The goblin misses you.
The kobold closely misses you. The quokka closely misses you.
You miss the quokka.
The quokka is moderately wounded.
The quokka barely misses you. The kobold hits you with a +0 club.
The goblin misses you.
You barely miss the quokka.
The quokka is moderately wounded.
The quokka bites you. The kobold hits you with a +0 club.
The goblin hits you but does no damage.
The quokka bites you but does no damage.
The goblin barely misses you. The kobold barely misses you.
You are too injured to fight recklessly!
You are too injured to fight recklessly!
You are too injured to fight recklessly!
You are too injured to fight recklessly!
You are too injured to fight recklessly!
The quokka attacks as you move away! The quokka closely misses you.
The goblin attacks as you move away! The goblin hits you with a +0 club.
* * * LOW HITPOINT WARNING * * *
The quokka attacks as you move away! The quokka bites you.
* * * LOW HITPOINT WARNING * * *
The quokka attacks as you move away! The quokka closely misses you.
The kobold attacks as you move away! The kobold closely misses you.
The quokka bites you.
* * * LOW HITPOINT WARNING * * *
The quokka attacks as you move away! The quokka completely misses you.
The quokka attacks as you move away! The quokka bites you.
* * * LOW HITPOINT WARNING * * *
The quokka attacks as you move away! The quokka bites you.
You die...

...........# #....(..#####.
....##.#.#.####.#.####...#.#
#. ...†...#.#.........#
#...#.# #.
##..##.#.#..###.##...#.....#
#. ##.....#.#....#.#
.#......#######
###......#..#.#.#
........###...§ .
..###..##.#.#.#
#...###...#>..§ . ..#
...##.#.#.###.# ###.#<... .
.# #.###.#...@.#.# #.#....
.. #.∆ #...Kr#+#.#. #.#####
##........#.#####......
+........#......####..
#........#.......#....
#........#.......#....
#........#.......#....
#...........#...####+#
#.......#.........##.#


You could see a quokka and a kobold.

Vanquished Creatures
  A gnoll (D:1)
  A dart slug (D:1)
  3 ball pythons (D:1)
  2 endoplasms (D:1)
  2 giant cockroaches (D:1)
  A goblin (D:1)
  2 hobgoblins (D:1)
  2 quokkas (D:1)
  4 frilled lizards (D:1)
  A kobold (D:1)
  A rat (D:1)
20 creatures vanquished.

Notes
Turn   | Place    | Note
-------+----------+-------------------------------------------
     0 | D:1      | cforsyth the Gnoll Artificer began the quest for the Orb.
     0 | D:1      | Reached XP level 1. HP: 17/17 MP: 1/1
   156 | D:1      | Reached XP level 2. HP: 12/23 MP: 2/2
   378 | D:1      | Reached XP level 3. HP: 15/28 MP: 3/3
   624 | D:1      | Slain by a quokka

Illustrated notes

Levels and vault maps discovered:
D:1:      dpeg_arrival_fog, layout_basic

Action                     || total
---------------------------++-------
  Melee: Club              ||    99
         Bite              ||     9
         Punch             ||     1
   Stab: Sleeping          ||     1
 Armour: Leather armour    ||    22
  Dodge: Dodged            ||   104

Table legend: (Time is in decaauts)
 A = Elapsed time spent in this place.
 B = Non-inter-level travel time spent in this place.
 C = Inter-level travel time spent in this place.
 D = Time resting spent in this place.
 E = Time spent auto-exploring this place.
 F = Levels seen in this place.
 G = Mean time per level.
                   A        B        C        D        E       F      G
               +--------+--------+--------+--------+--------+-----+--------+
         Total |    651 |    651 |      0 |      0 |    449 |   1 |  651.0 |
       Dungeon |    651 |    651 |      0 |      0 |    449 |   1 |  651.0 |
               +--------+--------+--------+--------+--------+-----+--------+

Top non-repeatable levels by time:
     D:1: 651 daAuts
